[Event "42nd Olympiad Baku 2016 Women"]
[Site "Baku"]
[Date "2016.09.06"]
[Round "5.6"]
[White "Zengeni, Tatenda Melisa"]
[Black "Ciuksyte, Dagne"]
[Result "0-1"]
[ECO "D00"]
[WhiteElo "1649"]
[BlackElo "2323"]
[Annotator ""]
[PlyCount "102"]
[EventDate "2016.??.??"]
[EventType "team-tourn"]
[EventCountry "AZE"]
[SourceTitle "playchess.com"]
[Source "ChessBase"]
[WhiteTeam "Zimbabwe"]
[BlackTeam "England"]
[WhiteTeamCountry "ZIM"]
[BlackTeamCountry "ENG"]
[TimeControl "40/5400+30:1800+30"]

1. d4 {(00:00)} d5 {(00:00)} 2. f4 {(00:14)} Nf6 {(
02:07)} 3. Nf3 {(00:26)} c5 {(00:33)} 4. c3 {(01:33)} Qc7
{(17:04)} 5. e3 {(01:40)} Bf5 {(03:33)} 6. Be2 {(
01:52)} e6 {(01:06)} 7. O-O {(00:47)} Bd6 {(00:35)} 8. Ne5
{(06:06)} Nc6 {(07:06)} 9. Nd2 {(02:20)} h5 {(13:
01)} 10. h3 {(09:51)} O-O-O {(08:03)} 11. Qa4 {(06:31)}
Kb8 {(01:12)} 12. Nxc6+ {(03:32)} Qxc6 {(05:48)} 13. Qxc6
{(02:46)} bxc6 {(00:04)} 14. b3 {(04:35)} cxd4 {(
05:52)} 15. cxd4 {(00:37)} Bb4 {(00:23)} 16. a3 {(01:16)}
Bc3 {(07:53)} 17. Ra2 {(01:08)} h4 {(01:42)} 18. Rd1 {
(04:59)} Rdg8 {(02:03)} 19. Bb2 {(01:16)} Bxd2 {(
01:09)} 20. Rxd2 {(00:13)} g5 {(01:16)} 21. fxg5 {(08:39)}
Rxg5 {(00:07)} 22. Kh2 {(01:08)} Rg3 {(05:26)} 23. Bd3 {
(07:28)} Rh5 {(00:55)} 24. Bxf5 {(01:00)} Rxf5 {(
00:06)} 25. Re2 {(02:21)} Ne4 {(05:08)} 26. Ra1 Rf2 {(04:
00)} 27. Rxf2 {(03:12)} Nxf2 {(00:06)} 28. Rf1 {(00:30)}
Nd3 {(00:05)} 29. Bc3 {(02:56)} Rxe3 {(02:35)} 30. Rxf7 {
(02:27)} Re4 {(00:20)} 31. Rf3 {(01:36)} Nf4 {(02:
03)} 32. Bb4 {(03:09)} Ne2 {(00:13)} 33. Bd6+ {(01:57)}
Kc8 {(00:04)} 34. Bc5 {(04:05)} e5 {(03:30)} 35. dxe5 {
(04:12)} Rxe5 {(00:25)} 36. Rf8+ {(01:47)} Kd7 {(
00:09)} 37. Rf7+ {(00:17)} Ke6 {(00:38)} 38. Re7+ {(02:51]
} Kf5 {(00:41)} 39. Rxe5+ {(01:09)} Kxe5 {(00:05)} 40.
Bxa7 {(00:00)} d4 {(00:00)} 41. Bb8+ {(03:29)} Kd5 {
(09:31)} 42. Bc7 {(01:58)} d3 {(00:47)} 43. Ba5 {(
00:25)} Nd4 {(00:22)} 44. g4 {(01:48)} Nxb3 {(02:49)} 45.
Bc3 {(01:00)} Kc4 {(01:52)} 46. Be1 {(02:52)} d2 {(
00:09)} 47. Bxd2 {(00:16)} Nxd2 {(00:07)} 48. Kg2 {(00:42]
} Ne4 {(00:37)} 49. Kf3 {(03:28)} Ng5+ {(00:07)} 50. Kf4 {
(00:16)} Nxh3+ {(00:06)} 51. Kf5 {(00:04)} c5 0-1

[Event "42nd Olympiad Baku 2016 Open"]
[Site "Baku"]
[Date "2016.09.08"]
[Round "6.30"]
[White "Abasov, Nijat"]
[Black "Parligras, Mircea-Emilian"]
[Result "0-1"]
[ECO "E01"]
[WhiteElo "2552"]
[BlackElo "2595"]
[Annotator ""]
[PlyCount "96"]
[EventDate "2016.??.??"]
[EventCountry "AZE"]
[SourceTitle "playchess.com"]
[Source "ChessBase"]
[WhiteTeam "Azerbaijan"]
[BlackTeam "Romania"]
[WhiteTeamCountry "AZE"]
[BlackTeamCountry "ROU"]
[TimeControl "40/5400+30:1800+30"]

1. d4 {(00:00} Nf6 {(00:00} 2. c4 {(00:00} e6 {(
00:00} 3. g3 {(00:00} d5 {(00:37} 4. Bg2 {(00:00} Bb4+
{(00:10} 5. Nd2 {(00:05} O-O {(00:53} 6. Ngf3 {(
00:17} b6 {(01:55} 7. O-O {(00:24} Bb7 {(00:35} 8. b3
{(00:50} Nbd7 {(09:47} 9. Bb2 {(00:52} Re8 {(06:
27} 10. Ne5 {(10:38} Nxe5 {(16:08} 11. dxe5 {(00:15}
Ne4 {(00:32} 12. Nxe4 {(11:56} dxe4 {(00:10} 13. Qb1 {
(16:52} Qd2 {(00:45} 14. e3 {(00:05} Rad8 {(02:
15} 15. Bd4 {(01:34} c5 {(19:56} 16. Rd1 {(00:21} Qe2
{(00:04} 17. Bf1 {(00:24} Qf3 {(00:28} 18. Bb2 {
(02:54} Be1 {(01:09} 19. Rxe1 {(01:54} Rd2 {(00:
05} 20. Be2 {(00:45} Rxe2 {(00:05} 21. Rxe2 {(00:03}
Qxe2 {(00:06} 22. Bc3 {(01:45} Rd8 {(00:30} 23. Qf1 {
(00:25} Qf3 {(02:31} 24. Qg2 {(02:44} Qe2 {(02:
07} 25. Qf1 {(00:07} Qh5 {(00:20} 26. Re1 {(06:56} Rd3
{(00:58} 27. Ba1 {(00:06} h6 {(06:26} 28. Bb2 {(
01:54} Rd2 {(01:37} 29. Bc3 {(00:06} Rd3 {(00:12} 30.
Bb2 {(00:04} Bc6 {(04:33} 31. Qe2 {(04:07} Qf3 {
(01:07} 32. h3 {(00:29} h5 {(02:40} 33. Kh2 {(
01:08} a5 {(02:26} 34. Qc2 {(03:15} a4 {(01:54} 35.
Rg1 {(00:06} axb3 {(01:45} 36. axb3 {(00:05} b5 {
(02:43} 37. cxb5 {(06:10} Bxb5 {(00:20} 38. Bc3 {
(03:54} Rd5 {(02:07} 39. Re1 {(00:07} Rd7 {(05:
35} 40. h4 {(00:00} Kh7 {(00:00} 41. Rg1 {(31:28} Be2
{(06:43} 42. Be1 {(00:06} Rd1 {(00:33} 43. Qc3 {
(00:05} Rb1 {(11:38} 44. Kh3 {(02:15} Bd3 {(07:
21} 45. Qxc5 {(01:50} Rxb3 {(01:22} 46. Qe7 {(02:13}
Rb1 {(03:25} 47. Qg5 {(00:19} Qe2 {(00:32} 48. g4 {
(03:23} Rxe1 {(00:32} 0-1

[Event "42nd Olympiad Baku 2016 Open"]
[Site "Baku"]
[Date "2016.09.08"]
[Round "6.11"]
[White "Abdul Rahman Ali"]
[Black "Marko, Helmut"]
[Result "0-1"]
[ECO "A40"]
[WhiteElo "1853"]
[BlackElo "1939"]
[Annotator ""]
[PlyCount "120"]
[EventDate "2016.??.??"]
[EventCountry "AZE"]
[SourceTitle "playchess.com"]
[Source "ChessBase"]
[WhiteTeam "Maldives"]
[BlackTeam "Papua New Guinea"]
[WhiteTeamCountry "MDV"]
[BlackTeamCountry "PNG"]
[TimeControl "40/5400+30:1800+30"]

1. d4 {(00:00} g6 {(00:00} 2. e3 {(00:04} Bg7 {(
00:05} 3. Bd3 {(00:17} d5 {(00:40} 4. f4 {(00:38} Nf6
{(00:54} 5. Nf3 {(00:15} O-O {(01:17} 6. O-O {(
00:11} c5 {(00:42} 7. c3 {(00:12} Qc7 {(00:47} 8. Qe2
{(01:09} b6 {(07:12} 9. Bd2 {(02:20} Nc6 {(07:
50} 10. Ne5 {(01:24} Bb7 {(15:02} 11. Be1 {(01:18}
Nxe5 {(01:31} 12. fxe5 {(00:09} Ne4 {(03:27} 13. Nd2 {
(01:24} f5 {(03:43} 14. exf6 {(01:40} Nxd2 {(07:
05} 15. Qxd2 {(01:31} exf6 {(01:15} 16. Bg3 {(00:27}
Qe7 {(02:27} 17. Rae1 {(04:29} f5 {(02:10} 18. Qf2 {
(01:10} c4 {(03:13} 19. Bc2 {(00:27} b5 {(04:45]
} 20. a3 {(00:36} a5 {(01:17} 21. h4 {(01:13} h5 {
(01:44} 22. Bf4 {(00:24} Kh7 {(02:52} 23. Qg3 {(
00:20} Rf7 {(01:17} 24. Bg5 {(00:50} Bf6 {(02:41} 25.
Qf4 {(01:24} Bxg5 {(01:30} 26. hxg5 {(00:27} Kg7 {
(01:27} 27. Rf3 {(03:47} b4 {(00:52} 28. cxb4 {(
02:45} axb4 {(02:19} 29. axb4 {(02:44} Qxb4 {(02:06}
30. Ref1 {(00:12} Qe7 {(01:02} 31. Rh3 {(00:33} Qc7 {
(01:05} 32. Qh4 {(00:18} Rh8 {(01:27} 33. Bb1 {(
02:46} Qd6 {(04:47} 34. Qf2 {(06:23} Rhf8 {(00:32} 35.
Rf3 {(01:36} Qe7 {(02:08} 36. Qh4 {(00:15} Bc8 {
(01:32} 37. Qf4 {(01:55} Bb7 {(03:21} 38. Bc2 {(
00:38} Qc7 {(02:16} 39. Qh4 {(00:00} Rh8 {(00:00} 40.
Bb1 {(00:00} Bc8 {(00:00} 41. Rf4 {(02:28} Be6 {
(02:41} 42. Qf2 {(01:22} Qd8 {(07:27} 43. Qg3 {(
00:16} Rb7 {(01:11} 44. R4f2 {(00:10} Qb8 {(00:42} 45.
Qf3 {(02:46} Rxb2 {(02:15} 46. Bc2 {(00:52} Qc7 {
(05:02} 47. e4 {(08:24} dxe4 {(01:40} 48. Bxe4 {
(00:05} Rxf2 {(01:29} 49. Rxf2 {(00:16} c3 {(02:
11} 50. Bc2 {(00:36} Re8 {(04:04} 51. Re2 {(01:00} Bd5
{(02:40} 52. Qf2 {(00:23} Rxe2 {(01:38} 53. Qxe2 {
(00:37} Kf7 {(00:21} 54. Qa6 {(00:22} Qe7 {(00:
51} 55. Kf2 {(04:34} Qxg5 {(00:47} 56. Qa7+ {(01:02}
Qe7 {(02:29} 57. Qxe7+ {(05:46} Kxe7 {(00:01} 58. g3 {
(00:03} Be4 {(00:37} 59. Bxe4 {(00:18} fxe4 {(
00:01} 60. Ke3 {(00:37} Kd6 {(00:13} 0-1

[Event "42nd Olympiad Baku 2016 Open"]
[Site "Baku"]
[Date "2016.09.08"]
[Round "6.12"]
[White "Abdulaziz, Mahmoud"]
[Black "Fejzullahu, Afrim"]
[Result "1/2-1/2"]
[ECO "A13"]
[WhiteElo "2123"]
[BlackElo "2298"]
[Annotator ""]
[PlyCount "67"]
[EventDate "2016.??.??"]
[EventCountry "AZE"]
[SourceTitle "playchess.com"]
[Source "ChessBase"]
[WhiteTeam "Lebanon"]
[BlackTeam "Kosovo"]
[WhiteTeamCountry "LBN"]
[BlackTeamCountry "KOS"]
[TimeControl "40/5400+30:1800+30"]

1. c4 {(00:00} e6 {(00:00} 2. Nf3 {(00:00} d5 {(
00:10} 3. b3 {(00:00} c5 {(03:43} 4. cxd5 {(03:09}
exd5 {(01:13} 5. d4 {(00:18} Nf6 {(00:40} 6. Bb2 {
(08:30} Nc6 {(03:05} 7. e3 {(05:17} cxd4 {(03:
53} 8. Nxd4 {(04:54} Bb4+ {(11:16} 9. Bc3 {(02:50} Bd6
{(12:10} 10. Nd2 {(08:55} O-O {(02:17} 11. Be2 {
(05:22} Re8 {(00:52} 12. O-O {(02:14} Ne5 {(03:
19} 13. N2f3 {(14:43} Ne4 {(04:48} 14. Bb2 {(00:45} a6
{(01:24} 15. Rc1 {(07:45} Qf6 {(05:53} 16. Ba1 {
(05:13} Qh6 {(09:55} 17. Nxe5 {(08:36} Rxe5 {(
06:23} 18. f4 {(01:49} Re8 {(02:49} 19. Bg4 {(02:28}
Qg6 {(10:27} 20. Bh5 {(04:51} Qf6 {(11:59} 21. Nb5 {
(04:41} Qe7 {(02:50} 22. Nxd6 {(00:31} Qxd6 {(
00:26} 23. Qd4 {(01:05} Nf6 {(00:26} 24. Bf3 {(00:01}
Bf5 {(00:58} 25. g4 {(00:53} Be4 {(00:30} 26. Be2 {
(00:01} Rec8 {(00:26} 27. g5 {(00:02} Ne8 {(00:
15} 28. Bg4 {(01:04} Rxc1 {(00:18} 29. Rxc1 {(00:01}
Rd8 {(00:49} 30. Bb2 {(01:16} h6 {(00:47} 31. h4 {
(01:04} hxg5 {(00:14} 32. hxg5 {(00:02} Qg6 {(
00:13} 33. Kf2 {(03:11} Nd6 {(00:40} 34. Kg3 {(01:21}
1/2-1/2

[Event "42nd Olympiad Baku 2016 Open"]
[Site "Baku"]
[Date "2016.09.08"]
[Round "6.23"]
[White "Abdullah, Mohd Kamal"]
[Black "Ho, Hou-Meng"]
[Result "1-0"]
[ECO "C15"]
[WhiteElo "2100"]
[BlackElo "1908"]
[Annotator ""]
[PlyCount "97"]
[EventDate "2016.??.??"]
[EventCountry "AZE"]
[SourceTitle "playchess.com"]
[Source "ChessBase"]
[WhiteTeam "Malaysia"]
[BlackTeam "Macau"]
[WhiteTeamCountry "MAS"]
[BlackTeamCountry "MAC"]
[TimeControl "40/5400+30:1800+30"]

1. e4 {(00:00} e6 {(00:00} 2. d4 {(00:00} d5 {(
00:00} 3. Nc3 {(00:00} Bb4 {(01:14} 4. exd5 {(00:26}
exd5 {(00:11} 5. Bd3 {(00:11} Ne7 {(01:17} 6. Nge2 {
(01:39} Nbc6 {(02:24} 7. O-O {(02:32} Bg4 {(01:
27} 8. f3 {(06:19} Bh5 {(03:23} 9. Nf4 {(15:01} Bg6 {
(01:45} 10. Nce2 {(07:57} a6 {(17:52} 11. c3 {(
09:28} Bd6 {(02:31} 12. Re1 {(06:54} Qd7 {(04:19} 13.
b4 {(03:52} O-O {(13:14} 14. Ng3 {(11:25} Nf5 {(
08:22} 15. Nxf5 {(10:23} Bxf5 {(00:57} 16. Bxf5 {(00:
50} Qxf5 {(00:08} 17. Qd3 {(00:05} Qg5 {(20:21} 18.
Nh3 {(01:49} Qg6 {(04:59} 19. Qxg6 {(04:52} fxg6 {
(00:35} 20. Bd2 {(03:31} a5 {(03:25} 21. b5 {(
02:58} Na7 {(00:15} 22. a4 {(06:05} Nc8 {(00:12} 23.
Ng5 {(01:15} Nb6 {(00:23} 24. Ne6 {(02:30} Rfe8 {
(01:37} 25. g3 {(00:14} h6 {(01:02} 26. Bf4 {(
01:07} Bxf4 {(00:31} 27. Nxf4 {(00:12} Kf7 {(00:41}
28. Nd3 {(01:01} Rxe1+ {(01:19} 29. Nxe1 {(00:46} Re8 {
(00:26} 30. Kf2 {(00:09} Nc4 {(00:48} 31. Nd3 {(
00:13} Kf6 {(01:26} 32. Re1 {(01:25} Rxe1 {(00:37} 33.
Kxe1 {(00:08} g5 {(06:04} 34. Nc5 {(00:20} Nb2 {
(01:08} 35. Nxb7 {(00:22} Nxa4 {(00:08} 36. Kd2 {
(00:08} Nb6 {(00:55} 37. Nxa5 {(00:09} Ke6 {(00:
13} 38. Kd3 {(00:19} h5 {(00:50} 39. c4 {(01:36} dxc4+
{(00:04} 40. Nxc4 {(00:00} Nd7 {(00:00} 41. Ne3 {
(07:00} g6 {(05:15} 42. Kc4 {(05:26} Kd6 {(01:
47} 43. Nd5 {(01:20} Nf8 {(01:45} 44. Nc3 {(00:30} g4
{(09:30} 45. Ne4+ {(07:11} Ke6 {(03:23} 46. fxg4 {
(00:27} hxg4 {(00:10} 47. Nf2 {(00:21} Kf5 {(02:
12} 48. Kd5 {(00:30} g5 {(03:42} 49. Nd1 {(00:41] Ke4+
Kxe4} 1-0

[Event "42nd Olympiad Baku 2016 Open"]
[Site "Baku"]
[Date "2016.09.08"]
[Round "6.21"]
[White "Abdyjapar, Asyl"]
[Black "Mohamud Hussein Ali"]
[Result "1-0"]
[ECO "A50"]
[WhiteElo "2390"]
[BlackElo "1606"]
[Annotator ""]
[PlyCount "53"]
[EventDate "2016.??.??"]
[EventCountry "AZE"]
[SourceTitle "playchess.com"]
[Source "ChessBase"]
[WhiteTeam "Kyrgyzstan"]
[BlackTeam "Somalia"]
[WhiteTeamCountry "KGZ"]
[BlackTeamCountry "SOM"]
[TimeControl "40/5400+30:1800+30"]

1. d4 {(00:00} Nf6 {(00:00} 2. c4 {(00:00} d5 {(
00:00} 3. cxd5 {(00:00} Nxd5 {(00:39} 4. e4 {(00:00}
Nf6 {(00:55} 5. Nc3 {(00:00} e6 {(00:13} 6. Nf3 {
(00:11} Be7 {(01:28} 7. Bd3 {(03:44} c5 {(03:07]
} 8. d5 {(00:25} exd5 {(02:59} 9. exd5 {(00:04} O-O {
(01:29} 10. O-O {(00:26} Bg4 {(02:50} 11. Bf4 {(
00:05} a6 {(00:48} 12. d6 {(00:09} Bxf3 {(00:40} 13.
dxe7 {(00:42} Bxd1 {(01:41} 14. exd8=Q Rxd8 15. Raxd1 {(
00:50} Nc6 {(00:47} 16. Bg5 {(00:22} Ne5 {(00:23} 17.
Be2 {(00:11} Rxd1 {(00:12} 18. Rxd1 {(00:05} b5 {
(01:08} 19. Bxf6 {(00:11} gxf6 {(00:08} 20. Rd6 {
(00:08} Kg7 {(00:42} 21. f4 {(00:06} Ng6 {(00:
34} 22. g3 {(00:05} Ne7 {(01:04} 23. Nd5 {(00:28} Nxd5
{(00:30} 24. Rxd5 {(02:47} c4 {(00:48} 25. Rd6 {
(00:04} Ra7 {(00:19} 26. Kf2 {(00:06} a5 {(00:
16} 27. Rb6 {(00:05} 1-0

[Event "42nd Olympiad Baku 2016 Open"]
[Site "Baku"]
[Date "2016.09.08"]
[Round "6.23"]
[White "Abreu Jean, Carlos Paul"]
[Black "Nabaty, Tamir"]
[Result "0-1"]
[ECO "D25"]
[WhiteElo "2326"]
[BlackElo "2630"]
[Annotator ""]
[PlyCount "102"]
[EventDate "2016.??.??"]
[EventCountry "AZE"]
[SourceTitle "playchess.com"]
[Source "ChessBase"]
[WhiteTeam "Dominican Republic"]
[BlackTeam "Israel"]
[WhiteTeamCountry "DOM"]
[BlackTeamCountry "ISR"]
[TimeControl "40/5400+30:1800+30"]

1. d4 {(00:46} Nf6 {(00:12} 2. Nf3 {(01:13} d5 {
(01:53} 3. c4 {(02:40} dxc4 {(00:23} 4. e3 {(01:
57} a6 {(02:17} 5. Bxc4 {(04:33} e6 {(00:37} 6. O-O {
(02:09} c5 {(03:26} 7. dxc5 {(02:40} Bxc5 {(00:
29} 8. Qxd8+ {(06:19} Kxd8 {(00:48} 9. Nc3 {(01:06} b5
{(03:13} 10. Bb3 {(02:31} Bb7 {(00:56} 11. Bd2 {
(01:20} Ke7 {(01:30} 12. Rac1 {(08:02} Nbd7 {(
00:10} 13. Rfd1 {(02:14} Rhc8 {(05:23} 14. Be1 {(06:18]
} Bd6 {(06:22} 15. Nd4 {(16:35} Nb6 {(23:14} 16. f3 {
(16:21} Nc4 {(00:51} 17. Bxc4 {(00:33} Rxc4 {(
00:13} 18. b3 {(07:29} Rcc8 {(08:58} 19. Nce2 {(07:04}
Ba3 {(09:00} 20. Rxc8 {(00:11} Rxc8 {(00:02} 21. e4 {
(07:15} Nd7 {(00:22} 22. Bf2 {(00:30} g6 {(00:
41} 23. Rd2 {(00:26} e5 {(01:42} 24. Nc2 {(00:04} Bd6
{(00:03} 25. Ne3 {(00:08} Ke6 {(00:27} 26. Rc2 {
(00:14} Rxc2 {(00:41} 27. Nxc2 {(00:05} f5 {(00:
05} 28. exf5+ {(01:04} gxf5 {(00:02} 29. Be3 {(01:32}
b4 {(07:57} 30. f4 {(00:20} Be4 {(01:54} 31. fxe5 {
(00:06} Nxe5 {(00:23} 32. Ncd4+ {(00:34} Kf6 {(
00:30} 33. Ng3 {(01:12} Bb1 {(01:54} 34. Nh5+ {(00:11}
Kf7 {(00:31} 35. h3 {(00:10} Ng6 {(02:05} 36. g3 {
(01:27} Ne7 {(00:28} 37. Nf4 {(00:34} Bxa2 {(00:
41} 38. Kf2 {(00:20} Bb1 {(03:18} 39. Ke2 {(00:25} Be4
{(00:40} 40. Kd2 {(00:00} Be5 {(00:00} 41. g4 {(
09:58} fxg4 {(12:22} 42. hxg4 {(00:15} Nd5 {(00:18}
43. Nd3 {(14:01} Bxd3 {(09:45} 44. Nf3 {(01:27} Bf4 {
(01:17} 45. Bxf4 {(01:31} Nxf4 {(00:07} 46. Ke3 {
(00:08} Bc2 {(00:33} 47. Kxf4 {(00:25} Bxb3 {(
00:26} 48. Ne5+ {(00:17} Kg7 {(00:41} 49. Nc6 {(00:18}
a5 {(00:26} 50. Ke3 {(03:51} Bd5 {(00:55} 51. Nxa5 {
(02:05} b3 {(00:22} 0-1

[Event "42nd Olympiad Baku 2016 Open"]
[Site "Baku"]
[Date "2016.09.08"]
[Round "6.2"]
[White "Adebo, Muhaba Detamo"]
[Black "Ali, Muhammad Lutfi"]
[Result "0-1"]
[ECO "A10"]
[WhiteElo "1944"]
[BlackElo "2411"]
[Annotator ""]
[PlyCount "102"]
[EventDate "2016.??.??"]
[EventCountry "AZE"]
[SourceTitle "playchess.com"]
[Source "ChessBase"]
[WhiteTeam "Ethiopia"]
[BlackTeam "Indonesia"]
[WhiteTeamCountry "ETH"]
[BlackTeamCountry "INA"]
[TimeControl "40/5400+30:1800+30"]

1. c4 {(00:00} g6 {(00:00} 2. g3 {(00:53} Bg7 {(
00:02} 3. Nc3 {(00:30} e5 {(00:22} 4. Bg2 {(00:45} d6
{(00:16} 5. Nf3 {(01:04} f5 {(00:42} 6. d3 {(01:
15} Nf6 {(00:29} 7. Bg5 {(02:18} h6 {(01:34} 8. Bd2 {
(07:05} O-O {(02:24} 9. O-O {(06:53} g5 {(02:44]
} 10. e3 Nc6 {(05:41} 11. Qb3 {(05:36} Kh8 {(05:57} 12.
d4 e4 {(03:55} 13. Ne1 {(15:58} Na5 {(01:22} 14. Qa4 {
(02:07} b6 {(01:27} 15. Nb5 {(05:58} Bd7 {(07:
09} 16. Qc2 {(05:21} a6 {(06:40} 17. Na3 {(03:06} c5 {
(00:51} 18. d5 b5 {(02:44} 19. Rc1 {(11:42} Nxc4 {
(00:45} 20. Nxc4 {(01:01} bxc4 {(00:05} 21. Bc3 {
(00:37} Qe7 {(03:47} 22. Qd2 {(00:55} Qf7 {(05:
25} 23. Rd1 {(02:04} Ba4 {(05:16} 24. Nc2 {(00:11}
Rab8 {(00:12} 25. f3 {(08:52} exf3 {(06:47} 26. Bxf3 {
(01:07} Qe7 {(01:08} 27. Rde1 {(01:35} Ne4 {(05:
17} 28. Bxe4 {(00:47} Qxe4 {(04:21} 29. Na3 {(00:43}
Bb5 {(03:07} 30. Rf2 {(01:41} Bxc3 {(00:53} 31. Qxc3+ {
(00:01} Kh7 {(00:20} 32. Qa5 {(04:38} Rf7 {(00:
55} 33. Nxb5 {(02:05} axb5 {(00:17} 34. Qd2 {(01:27}
Re8 {(01:01} 35. Qc2 {(01:36} Kg6 {(01:47} 36. Qxe4 {
(00:37} Rxe4 {(00:04} 37. Rd2 {(01:31} Rfe7 {(
00:14} 38. Kf2 {(01:01} R7e5 {(00:07} 39. Kf3 {(00:36}
Kf6 {(00:30} 40. Ree2 {(00:00} Ke7 {(00:00} 41. h3 {
(03:51} g4+ {(02:03} 42. hxg4 {(00:41} fxg4+ {(
00:06} 43. Kf2 {(00:01} Rf5+ {(00:09} 44. Kg2 {(01:30}
Rf3 {(00:13} 45. a3 {(01:35} Kf6 {(00:35} 46. Rf2 {
(00:36} Rexe3 {(00:07} 47. Rxf3+ {(00:01} gxf3+ {
(00:12} 48. Kh3 {(01:37} Re2 {(00:23} 49. Rd1 {(
00:01} Kf5 {(00:19} 50. Rf1 {(00:02} Ke4 {(00:06} 51.
Kg4 {(00:26} f2 {(00:06} 0-1

[Event "42nd Olympiad Baku 2016 Open"]
[Site "Baku"]
[Date "2016.09.08"]
[Round "6.3"]
[White "Adesina, Adeyinka"]
[Black "Soares, Erikson Roberto Mau"]
[Result "0-1"]
[ECO "D51"]
[WhiteElo "2259"]
[BlackElo "2274"]
[Annotator ""]
[PlyCount "144"]
[EventDate "2016.??.??"]
[EventCountry "AZE"]
[SourceTitle "playchess.com"]
[Source "ChessBase"]
[WhiteTeam "Nigeria"]
[BlackTeam "Angola"]
[WhiteTeamCountry "NGR"]
[BlackTeamCountry "ANG"]
[TimeControl "40/5400+30:1800+30"]

1. d4 {(00:00} d5 {(00:00} 2. c4 {(00:00} e6 {(
00:00} 3. Nf3 {(00:00} Nf6 {(00:00} 4. Bg5 {(00:37} c6
{(00:00} 5. Nc3 {(00:21} Nbd7 {(00:00} 6. e4 {(
03:08} dxe4 {(02:42} 7. Nxe4 {(10:41} Bb4+ {(01:26} 8.
Nc3 {(01:36} Bxc3+ {(02:26} 9. bxc3 {(01:12} Qa5 {
(00:02} 10. Bd3 {(03:54} Qxc3+ {(03:21} 11. Kf1 {
(00:25} c5 {(10:59} 12. d5 {(05:32} Ne5 {(01:33]
} 13. Nxe5 {(17:49} Qxe5 {(00:03} 14. Be3 {(10:58} exd5
{(02:00} 15. Bxc5 {(01:41} dxc4 {(04:56} 16. Qe1 {
(01:14} Qxe1+ {(00:45} 17. Rxe1+ {(00:14} Be6 {(
01:05} 18. Bxc4 {(00:44} Kd7 {(11:27} 19. Bb5+ {(00:52]
} Kc7 {(00:19} 20. Rc1 {(01:38} Bd5 {(15:47} 21. Be3+ {
(03:58} Bc6 {(05:22} 22. Bc4 {(04:34} Rad8 {(09:
21} 23. Bf4+ {(04:02} Kb6 {(01:06} 24. Rb1+ {(03:32}
Kc5 {(00:23} 25. Bxf7 {(00:48} Nd5 {(02:27} 26. Bc1 {
(09:33} Bb5+ {(12:10} 27. Ke1 {(06:12} a5 {(04:
47} 28. Bd2 {(03:57} Nb4 {(01:06} 29. Rc1+ {(01:30}
Kb6 {(00:26} 30. Bxb4 {(02:07} axb4 {(00:01} 31. f3 {
(00:04} Rhf8 {(01:27} 32. Bb3 {(00:37} Rf6 {(04:
19} 33. Rc2 {(00:39} g5 {(01:28} 34. Rd2 {(01:53} Re8+
{(02:55} 35. Kd1 {(00:24} Rc6 {(00:45} 36. Re1 {
(00:46} Rc1+ {(00:22} 37. Kxc1 {(00:03} Rxe1+ {(
00:07} 38. Kb2 {(00:04} Bc6 39. Bc2 {(00:18} h6 {(01:
02} 40. Bd1 {(00:00} Kc5 {(00:00} 41. Bb3 {(03:01} Rh1
{(01:24} 42. Rc2+ {(03:53} Kd4 {(01:28} 43. h3 {
(00:59} Ke3 {(01:48} 44. Bf7 {(04:49} Rf1 {(10:
18} 45. Bg6 {(16:08} Rf2 {(11:37} 46. Kb3 {(02:38}
Bd5+ {(03:56} 47. Kxb4 {(00:08} Bxa2 {(00:52} 48. Rc7 {
(02:33} Rxg2 {(01:36} 49. Re7+ {(00:41} Kf4 {(
00:39} 50. Be4 {(00:31} Rh2 {(01:05} 51. Bxb7 {(01:03}
Rxh3 {(00:16} 52. Re4+ {(00:14} Kxf3 {(01:12} 53. Kc5 {
(01:31} Kf2 {(00:30} 54. Ba6 {(00:13} Re3 {(00:
26} 55. Ra4 {(00:12} Bb3 {(00:28} 56. Ra1 {(00:22} Re1
{(00:31} 57. Ra3 {(00:06} Be6 {(00:43} 58. Bb7 {
(00:18} Re3 {(00:08} 59. Ra1 {(00:46} g4 {(00:
03} 60. Kd6 {(00:47} Bf7 {(00:15} 61. Ra8 {(00:54} Re8
{(00:43} 62. Ra4 {(00:38} Kg3 {(01:02} 63. Ra1 {
(00:53} h5 {(00:17} 64. Rf1 {(00:16} Bg6 {(00:
40} 65. Bc6 {(00:42} Re3 {(00:13} 66. Bd5 {(00:24} Be4
{(00:45} 67. Be6 {(00:15} Bg2 {(00:34} 68. Rf5 {
(00:41} h4 {(00:10} 69. Rh5 {(00:27} Rxe6+ {(01:
00} 70. Kxe6 {(00:09} h3 {(00:07} 71. Kf5 {(00:48} Bf3
{(00:02} 72. Rh8 {(00:43} h2 {(00:12} 0-1

[Event "42nd Olympiad Baku 2016 Open"]
[Site "Baku"]
[Date "2016.09.08"]
[Round "6.1"]
[White "Adianto, Utut"]
[Black "Gebregziabher, Brehane Gebre Mic"]
[Result "1-0"]
[ECO "A49"]
[WhiteElo "2556"]
[BlackElo "1933"]
[Annotator ""]
[PlyCount "77"]
[EventDate "2016.??.??"]
[EventCountry "AZE"]
[SourceTitle "playchess.com"]
[Source "ChessBase"]
[WhiteTeam "Indonesia"]
[BlackTeam "Ethiopia"]
[WhiteTeamCountry "INA"]
[BlackTeamCountry "ETH"]
[TimeControl "40/5400+30:1800+30"]

1. d4 {(00:00} Nf6 {(00:00} 2. Nf3 {(00:22} g6 {
(00:00} 3. g3 {(01:15} Bg7 {(00:45} 4. Bg2 {(00:
07} c5 {(00:12} 5. dxc5 {(01:45} Qa5+ {(01:42} 6. c3 {
(03:13} Qxc5 {(01:18} 7. O-O {(00:08} O-O {(00:
24} 8. Be3 {(02:04} Qc7 {(01:53} 9. Na3 {(01:23} a6 {
(01:41} 10. Qb3 {(01:34} d5 {(03:59} 11. Bf4 {(
01:21} Qa5 {(03:38} 12. c4 {(02:41} Nbd7 {(06:57} 13.
Rfd1 {(03:46} Nc5 {(11:35} 14. Qe3 {(02:03} Be6 {
(04:51} 15. Ne5 {(08:13} Rfd8 {(04:04} 16. Rd4 {
(08:34} dxc4 {(11:23} 17. Naxc4 {(01:54} Qb4 {(
04:15} 18. Rc1 {(15:15} Rxd4 {(04:11} 19. Qxd4 {(00:08]
} Bxc4 {(04:21} 20. Qxc4 {(01:58} Qxc4 {(02:03} 21.
Rxc4 {(00:15} Ne6 {(03:56} 22. Bxb7 {(00:26} Rb8 {
(01:19} 23. Bxa6 {(00:33} Nxf4 {(00:39} 24. gxf4 {
(00:27} Rxb2 {(00:13} 25. Rc8+ {(00:47} Bf8 {(
00:09} 26. Bc4 {(00:07} e6 {(02:07} 27. a4 {(00:32}
Rb7 {(02:02} 28. a5 {(00:10} Nd7 {(00:47} 29. a6 {
(03:03} Rb1+ {(03:30} 30. Kg2 {(00:10} Nxe5 {(
00:11} 31. fxe5 {(00:08} Ra1 {(00:18} 32. Rc7 {(00:59}
Ra5 {(02:44} 33. a7 {(00:34} Kg7 {(01:51} 34. Bxe6 {
(00:52} Bc5 {(01:43} 35. Rxc5 {(00:08} Rxa7 {(
00:43} 36. Bd5 {(00:07} g5 {(00:14} 37. h4 {(00:31}
Re7 {(03:22} 38. Bc4 {(00:37} Kg6 {(01:25} 39. hxg5 {
(00:10} 1-0